[Event "XV American Continental 2022"]
[Site "San Salvador"]
[Date "2022.05.06"]
[Round "6.1"]
[White "Yoo, Christopher Woojin"]
[Black "Swiercz, Dariusz"]
[Result "1/2-1/2"]
[ECO "C51"]
[WhiteElo "2535"]
[BlackElo "2665"]
[Annotator "TA"]
[PlyCount "38"]
[EventDate "2022.05.02"]
[EventCountry "ESA"]
[SourceTitle "playchess.com"]
[Source "ChessBase"]
[SourceQuality "1"]
[TimeControl "40/5400+30:1800+30"]

1. e4 e5 2. Nf3 Nc6 3. Bc4 Bc5 4. b4 Bxb4 5. c3 Be7 6. d4 Na5 7. Be2 d6 {[%emt 0:00:20] C51: Evans Gambit: Declined and Accepted without 5...Ba5.} 8. Qa4+ c6 9. dxe5 dxe5 10. Nxe5 Nf6 11. O-O b5 (11... Qc7 $5 12. Nf3 O-O $11) 12. Qc2 Qc7 13. Nf3 Bg4 $5 {[%emt 0:14:45][%mdl 4] A promising side line.} 14. Nbd2 O-O 15. c4 Nxc4 16. Nxc4 bxc4 17. Qxc4 {[%emt 0:01:17] [#]} Nd7 $146 ({Predecessor:} 17... Rab8 18. e5 Be6 19. Qh4 Nd5 20. Qg3 Bf5 21. Nd4 Bg6 22. Bf3 Rfd8 23. Bd2 c5 {0-1 (69) Alekseenko,K (2447)-Goganov,A (2556) St Petersburg 2013}) 18. Bb2 Bxf3 19. Bxf3 Bd6 {[%emt 0:00:03] An even fight not without its subleties.  Weighted Error Value: White=0.02 (flawless) /Black=0.05 (flawless)} 1/2-1/2

[Event "XV American Continental 2022"]
[Site "San Salvador"]
[Date "2022.05.06"]
[Round "6.2"]
[White "Gareyev, Timur"]
[Black "Krysa, Leandro"]
[Result "1-0"]
[ECO "A21"]
[WhiteElo "2565"]
[BlackElo "2525"]
[Annotator "TA"]
[PlyCount "57"]
[EventDate "2022.05.02"]
[EventCountry "ESA"]
[SourceTitle "playchess.com"]
[Source "ChessBase"]
[SourceQuality "1"]
[TimeControl "40/5400+30:1800+30"]

1. c4 e5 2. Nc3 Bb4 3. Nd5 a5 4. Nf3 d6 5. a3 Bc5 6. e3 {[%emt 0:00:02] A21: English Opening: 1...e5 2 Nc3.} c6 {[%emt 0:00:40] [#]} 7. d4 $1 Ba7 8. Nc3 {[%emt 0:00:37] The position is equal.} (8. dxe5 cxd5 9. Qxd5 Nc6 10. Qxd6 Qxd6 11. exd6 Nf6 $17) 8... Nd7 9. Be2 Ngf6 10. b4 O-O 11. O-O {[%emt 0:03:54] [#]} Re8 $146 ({Predecessor:} 11... Bb8 12. Bb2 Qe7 13. Qb3 Re8 14. Rfe1 Nf8 15. d5 cxd5 16. cxd5 Bg4 17. h3 Bh5 {1-0 (49) Erenberg,A (2512)-Kobo,O (2490) Ramat Gan 2021}) 12. b5 e4 13. Nd2 d5 14. bxc6 bxc6 15. cxd5 cxd5 16. Nb5 Bb8 17. a4 $1 Nf8 18. Ba3 Ra6 19. Rc1 Bxh2+ $2 20. Kxh2 $18 Ng4+ 21. Bxg4 Rh6+ 22. Kg1 $1 (22. Bh3 $2 Bxh3 23. g3 (23. gxh3 Qh4) 23... Qg5 $19) 22... Qh4 {[%emt 0:00:14][%csl Gh6][%cal Rh4h1] [#]} 23. f3 $1 (23. Bh3 Bxh3 24. g3 (24. gxh3 $2 Qxh3) 24... Qg5 $11) 23... Bxg4 {[%emt 0:15:41] [#]} 24. Bd6 {[%emt 0:03:43] Against Qh2+} (24. fxg4 Qh2+ 25. Kf2 Rf6+ 26. Ke2 Qxg2+ 27. Ke1 Qg3+ 28. Ke2 Qg2+ 29. Ke1 Qg3+ 30. Ke2 Qg2+ $11) 24... Bd7 25. Qe1 Qh5 (25... Qxe1 26. Rfxe1 Bxb5) 26. Bf4 Rg6 (26... Qh1+ $142 27. Kf2 Qh4+ 28. Bg3 Qg5) 27. Nc7 {[%emt 0:04:06] White is clearly winning.} Bh3 28. Bg3 ({Weaker is} 28. Nxe8 Rxg2+ 29. Kh1 Rg6 $17) 28... Rd8 29. fxe4 {[%emt 0:01:12] Weighted Error Value: White=0.06 (flawless) /Black=0.42} 1-0

[Event "XV American Continental 2022"]
[Site "San Salvador"]
[Date "2022.05.06"]
[Round "6.3"]
[White "Pichot, Alan"]
[Black "Thavandiran, Shiyam"]
[Result "1-0"]
[ECO "C11"]
[WhiteElo "2652"]
[BlackElo "2399"]
[Annotator "TA"]
[PlyCount "43"]
[EventDate "2022.05.02"]
[EventCountry "ESA"]
[SourceTitle "playchess.com"]
[Source "ChessBase"]
[SourceQuality "1"]
[TimeControl "40/5400+30:1800+30"]

1. e4 e6 2. d4 d5 3. Nc3 Nf6 4. e5 Nfd7 5. f4 c5 6. Nf3 Nc6 7. Be3 a6 8. Ne2 {[%emt 0:00:37] C11: French: Classical System: 4 e5 and 4 Bg5 dxe4.} Qb6 9. Qc1 cxd4 10. Nexd4 {[%emt 0:00:18] White is slightly better.} Nxd4 11. Nxd4 f6 12. exf6 Nxf6 {[%emt 0:02:14] [#]} 13. Bd3 $146 ({Predecessor:} 13. Be2 Bc5 14. c3 Qc7 15. O-O O-O 16. Bf3 Bd7 17. Qd2 Ne4 18. Bxe4 dxe4 19. Nb3 {½-½ (53) Vasilic,M-Puaca,G (2145) Serbia 2007}) 13... Bc5 14. c3 {[%emt 0:01:12] Active counter play!} Qc7 15. O-O e5 16. fxe5 Qxe5 17. Bf4 Bxd4+ 18. Kh1 ({Much worse is} 18. cxd4 Qxd4+ 19. Qe3+ Qxe3+ 20. Bxe3 O-O $11) 18... Qe7 {[%emt 0:00:55] [#] White must now prevent ...Ba7.} 19. cxd4 {[%emt 0:00:29] Hoping for Re1.} O-O 20. Be5 {[%emt 0:11:56] A strong pair of Bishops.} Ne4 {[%emt 0:01:33] Prevents Qg5.} (20... Be6 $1 $14) 21. Rxf8+ $16 Qxf8 $2 {[%emt 0:00:17] [#]} (21... Kxf8 22. Qe3 Be6 23. Bxe4 dxe4 24. Qxe4 Kg8) 22. Qc7 $1 {[%emt 0:01:45] Weighted Error Value: White=0.02 (flawless) /Black=0.33} ({Not} 22. Bxe4 dxe4 23. Qe3 Be6 $14) 1-0

[Event "XV American Continental 2022"]
[Site "San Salvador"]
[Date "2022.05.06"]
[Round "6.4"]
[White "Jimenez Garcia, Emmanuel"]
[Black "Quesada Perez, Yasser"]
[Result "0-1"]
[ECO "A06"]
[WhiteElo "2422"]
[BlackElo "2560"]
[Annotator "TA"]
[PlyCount "104"]
[EventDate "2022.05.02"]
[EventCountry "ESA"]
[SourceTitle "playchess.com"]
[Source "ChessBase"]
[SourceQuality "1"]
[TimeControl "40/5400+30:1800+30"]

1. Nf3 d5 2. g3 Nc6 3. d4 Bf5 4. a3 e6 5. Bg2 Be7 6. c4 {[%emt 0:05:22] D02: 1 d4 d5 2 Nf3 sidelines, including 2...Nf6 3 g3 and 2...Nf6 3 Bf4.} Nf6 {[%emt 0:01:18] [#]} 7. c5 $146 (7. cxd5 $11 exd5 8. Nc3) ({Predecessor:} 7. O-O O-O 8. cxd5 exd5 9. Nc3 Ne4 10. e3 Na5 11. Nxe4 Bxe4 12. Ne1 Bxg2 13. Kxg2 Nc4 14. Nd3 c6 15. b3 Nd6 16. Bb2 Bf6 17. Rc1 {0-1 (31) Stradner,S (2163)-Konrad,E (2191) Austria 2015}) 7... a5 8. Nc3 {[%emt 0:01:08] The position is equal.} O-O 9. Nh4 Bg4 10. h3 Bh5 11. g4 {[%emt 0:04:00] [#]} Nd7 $1 12. Nf3 (12. Nf5 $5 Bg6 13. Nxe7+ Qxe7 14. Bf4 $14) 12... Bg6 13. Bf4 e5 ({Black should play} 13... b6 $11) 14. dxe5 Nxc5 15. Qxd5 ({Much worse is} 15. Nxd5 Nd3+ 16. exd3 Qxd5 $11) 15... a4 16. O-O Na5 17. Be3 Nab3 18. Rad1 c6 19. Qxd8 Rfxd8 20. Nd4 Na5 21. f4 Nc4 22. Bc1 h6 23. Kh2 Nb3 24. Nxb3 axb3 25. Rxd8+ Rxd8 26. f5 Bh7 27. Rd1 (27. Ne4 $16) 27... Rxd1 $11 28. Nxd1 Nxe5 29. Kg3 f6 (29... Bd6 $5 30. Bf4 g5 31. fxg6 Bxg6 $11) 30. Kf4 Kf8 31. Ke4 Bg8 {[%emt 0:01:40] And now ...Bd5+ would win.} 32. Kd4 {[%emt 0:00:01] Against Bd5} c5+ 33. Kc3 (33. Ke3 $11) 33... Bd8 $15 34. Kd2 Ba5+ 35. Ke3 b5 36. Bb7 $1 Bf7 37. Ke4 Ke7 $1 {[%emt 0:01:27] Black is more active.} 38. Bf4 Kd6 39. h4 (39. Nf2 $15 c4 40. Nd1) 39... Bc4 40. Ke3 {[%emt 0:00:56] [#]} (40. Nf2 $17 {was called for.}) 40... Bd5 $1 $19 41. Ba6 Bc6 42. Bc8 {[%emt 0:00:14] [#]} Be1 $1 43. h5 (43. Be6 $142) 43... Bd5 44. Ba6 (44. Bxe5+ {might work better.} Kxe5 45. Bd7) 44... Kc6 45. Bxe5 fxe5 {[%emt 0:00:01][%mdl 4096] Endgame KBB-KBN} 46. Bc8 Bf7 {[%emt 0:04:21] Strongly threatening ...c4.} 47. Kf3 (47. g5 {was necessary.} Bxh5 48. gxh6 (48. f6 gxf6 49. gxh6 Bg6 $19) 48... gxh6 49. Be6) 47... c4 48. e3 Bd2 {[%emt 0:00:55][%cal Oc4c3] White must now prevent ...c3!} 49. Ke4 $2 (49. Kf2) 49... Kd6 {[%emt 0:00:26][%csl Gd6][%cal Rf7d5] Black is clearly winning.} 50. Bb7 {[%emt 0:00:31] Against Bd5+} Bc1 51. f6 gxf6 {[%emt 0:00:13][%cal Oc1b2] Hoping for ...Bxb2!} 52. Kf5 Be6+ {[%emt 0:00:57] Weighted Error Value: White=0.44/Black=0.21 (precise)} 0-1

[Event "XV American Continental 2022"]
[Site "San Salvador"]
[Date "2022.05.06"]
[Round "6.5"]
[White "Salinas Herrera, Pablo"]
[Black "Diaz Rosas, Julio Cesar"]
[Result "1-0"]
[ECO "B30"]
[WhiteElo "2534"]
[BlackElo "2351"]
[Annotator "TA"]
[PlyCount "37"]
[EventDate "2022.05.02"]
[EventCountry "ESA"]
[SourceTitle "playchess.com"]
[Source "ChessBase"]
[SourceQuality "1"]
[TimeControl "40/5400+30:1800+30"]

1. e4 c5 2. Nf3 Nc6 3. c3 e5 4. Bc4 g6 5. d4 cxd4 6. O-O {[%emt 0:04:18][%cal Rc3d4] B22: Sicilian: 2 c3.} Bg7 $1 7. cxd4 exd4 {[%emt 0:02:07] [#]} 8. Bf4 $146 {[%emt 0:09:00] White is slightly better.} ({Predecessor:} 8. Bg5 Nge7 9. e5 O-O 10. Nbd2 d6 11. exd6 Qxd6 12. Ne4 Qb4 13. Rc1 Bg4 14. a3 Qxb2 {0-1 (23) Miljkovic,M (2399)-Irizanin,R (2301) Vrnjacka Banja 2006}) 8... Nge7 9. Bd6 {[%emt 0:03:16][%mdl 1024] White has strong compensation.} Na5 10. Bd3 {[%emt 0:09:24] And now b4 would win. White is much more active.} b5 ({Weaker is} 10... Qb6 11. e5 $16) 11. Na3 a6 12. Qc1 {[%emt 0:03:04] Hoping for Bc7.} Nec6 $2 {[%emt 0:03:21] [#] A mistake that costs the game.} (12... Nac6 $1 $11) 13. Bxb5 $1 $18 {[%emt 0:01:43][%mdl 512] White is clearly better.} Nb7 (13... axb5 $2 14. Nxb5 f6 15. Nc7+ Kf7 16. Nxa8) 14. Bxc6 dxc6 15. Qxc6+ Qd7 16. Qxd7+ Bxd7 17. Be5 Bxe5 18. Nxe5 Be6 19. Rfd1 {[%emt 0:00:22] Weighted Error Value: White=0.06 (flawless) /Black=0.27 (precise)} 1-0

[Event "XV American Continental 2022"]
[Site "San Salvador"]
[Date "2022.05.06"]
[Round "6.6"]
[White "Hungaski, Robert"]
[Black "Giron, Jorge Ernesto"]
[Result "1/2-1/2"]
[ECO "E19"]
[WhiteElo "2521"]
[BlackElo "2257"]
[Annotator "TA"]
[PlyCount "64"]
[EventDate "2022.05.02"]
[EventCountry "ESA"]
[SourceTitle "playchess.com"]
[Source "ChessBase"]
[SourceQuality "1"]
[TimeControl "40/5400+30:1800+30"]

1. d4 Nf6 2. c4 e6 3. Nf3 b6 4. g3 Ba6 5. Qa4 Be7 6. Bg2 O-O 7. Nc3 Bb7 8. O-O Ne4 9. Qc2 Nxc3 {[%emt 0:00:11] 9...Nxc3 has lost popularity.} 10. Qxc3 Na6 {[%emt 0:01:23] E19: Queen's Indian: Old Main Line with 7...Ne4 8 Qc2 Nxc3 8 Qxc3.} 11. b3 c5 12. Bb2 Bf6 13. Qd2 {[%emt 0:13:21] [#]} Qc8 $146 ({Predecessor:} 13... d5 14. dxc5 Nxc5 15. cxd5 Bxd5 16. Bxf6 Qxf6 17. Qe3 Rad8 18. Rad1 Bxf3 19. Bxf3 Qb2 20. Ra1 g6 21. Qc1 Qf6 22. Qc2 a5 23. Rfd1 Rxd1+ 24. Rxd1 Rd8 25. Rxd8+ Qxd8 {½-½ (24) Zielaz,T (1868)-Admakin,V (1620) LSS email 2016}) 14. Rfd1 d5 15. dxc5 (15. cxd5 {is more complex.} Bxd5 16. dxc5 Nxc5 17. Bxf6 Ne4 18. Qd4) 15... Bxb2 16. Qxb2 Nxc5 17. Rac1 dxc4 18. Rxc4 {[%emt 0:00:34] [#] Strongly threatening b4.} Bd5 19. Rg4 f6 20. Rgd4 a5 21. Nh4 {[%emt 0:09:45][%cal Oh4f5] Threatens to win with Nf5!} Bxg2 22. Nxg2 e5 23. R4d2 Ne4 24. Rd7 (24. Rc2 $5 Qb7 25. f3 $11) 24... Nc3 25. R1d3 Nb5 26. Ne3 (26. R3d5 $5 ) 26... Nd4 {[%emt 0:00:39] Against Nf5} 27. Rd5 Qc6 28. Rd2 Rfd8 29. Rxd8+ {[%emt 0:01:47] The position is equal.} Rxd8 30. Nf5 {[%emt 0:01:49] [#] Black must now prevent Ne7+.} Qe4 {[%emt 0:05:06][%cal Od4f3] Hoping for ...Nf3+!} ({Don't do} 30... Nxe2+ 31. Kf1 Nxg3+ 32. Nxg3 $16) 31. Nxd4 Rxd4 32. Qc1 Rxd2 {[%emt 0:00:37] Weighted Error Value: White=0.06 (flawless) /Black=0.04 (flawless)} 1/2-1/2

[Event "XV American Continental 2022"]
[Site "San Salvador"]
[Date "2022.05.06"]
[Round "6.7"]
[White "Valdes Romero, Leonardo"]
[Black "Morovic Fernandez, Ivan"]
[Result "0-1"]
[ECO "E67"]
[WhiteElo "2403"]
[BlackElo "2495"]
[Annotator "TA"]
[PlyCount "132"]
[EventDate "2022.05.02"]
[EventCountry "ESA"]
[SourceTitle "playchess.com"]
[Source "ChessBase"]
[SourceQuality "1"]
[TimeControl "40/5400+30:1800+30"]

1. Nf3 Nf6 2. g3 g6 3. Bg2 Bg7 4. c4 O-O 5. Nc3 d6 6. d4 Nbd7 7. O-O e5 8. h3 Re8 9. dxe5 dxe5 10. Be3 c6 11. Qb3 Qa5 {[%emt 0:10:51] E67: King's Indian: Fianchetto: 6...Nbd7.} 12. a3 Nc5 {[%emt 0:04:40] [#]} 13. Qa2 $146 (13. Qb4 $11 Qxb4 14. axb4) ({Predecessor:} 13. Qb4 Qxb4 14. axb4 Na6 15. b5 cxb5 16. Nxb5 Ne4 17. Rxa6 bxa6 18. Nc7 Bb7 19. Nxe8 Rxe8 20. Bxa7 {½-½ (41) Peptan,C (2395)-Vajda,L (2597) Medias 2016}) 13... Nce4 $15 {[%emt 0:01:17] Black is slightly better.} 14. Nxe4 Nxe4 15. Rac1 Be6 16. Ng5 Nxg5 17. Bxg5 e4 18. h4 h6 19. Be3 f5 20. b3 b5 21. Bd2 Qa6 22. Bc3 Bxc3 23. Rxc3 bxc4 24. bxc4 Rad8 25. Qc2 Qa5 26. c5 Re7 27. Qc1 Kh7 28. Qe3 Qc7 29. Rfc1 Qe5 30. R3c2 Rb7 {[%emt 0:02:48] 0x0.000a022e4394dp-1022s more active pieces.} 31. Rd2 (31. Qc3 $1 $15 Qg7 32. Qa5) 31... Rxd2 $17 32. Qxd2 Bd5 33. e3 Qb2 34. Qxb2 Rxb2 $11 {[%emt 0:00:03][%mdl 4096] Endgame KRB-KRB} 35. Bf1 a5 36. Bc4 $1 {[%emt 0:00:33] Prevents Ra2.} Bxc4 37. Rxc4 {[%emt 0:00:05] KR-KR} Rb1+ 38. Kg2 h5 39. Rd4 Rc1 40. Rd7+ Kh6 41. Ra7 Rxc5 42. a4 g5 43. Re7 g4 44. Rd7 Rc4 45. Ra7 Rxa4 46. Ra6 Ra1 {[%emt 0:00:00] [#] ...a4 is the strong threat.} 47. Rxc6+ Kg7 {[%emt 0:00:00] Hoping for ...a4.} 48. Rc5 Kf6 {[%emt 0:00:00] Strongly threatening ...a4.} 49. Rc6+ Ke5 {[%emt 0:00:00] Threatens to win with ...a4.} 50. Rc5+ Ke6 {[%emt 0:00:00] White must now prevent ...a4.} 51. Rc6+ Kd5 52. Rh6 a4 53. Rxh5 a3 54. Rxf5+ Kc4 55. Ra5 Kb4 56. Ra8 Rc1 (56... a2 $2 57. h5 $18) (56... Rd1 $5 57. Rb8+ (57. h5 $2 Rd6 $19) 57... Kc4 58. Rc8+ (58. Ra8 Kb4 $11) 58... Kb5 59. Rb8+ Kc5 60. Rc8+ Kb5 61. Rb8+ Ka4 62. Ra8+ Kb4 63. Rb8+ (63. h5 $2 Rd6 $19) 63... Kc5 64. Rc8+ Kb5 $11) 57. Rb8+ $1 Kc3 (57... Ka4 $5 58. Ra8+ Kb4 59. Rb8+ Kc3 60. Rc8+ Kb2 61. Rb8+ Kc3 62. Rc8+ Kb2 63. Rb8+ Kc3 $11) 58. Ra8 Kb2 (58... Kb4 $5 59. Rb8+ Ka4 60. Ra8+ Kb3 61. Rb8+ Kc3 $11) 59. Rb8+ Kc3 (59... Ka1 $5 60. h5 a2 $11) 60. Ra8 Kb2 (60... Kb4 $5 61. Rb8+ Ka4 62. Ra8+ Kb3 63. Rb8+ Kc3 $11) 61. Rb8+ Ka1 62. h5 $1 Rb1 63. Ra8 $2 {[%emt 0:00:26][%mdl 8192] [#]} (63. Rg8 $11) 63... a2 64. h6 Rb7 {[%emt 0:00:05] ( -> ...Kb1)} 65. Rd8 Kb1 (65... Kb2 $142 66. h7 Rxh7 67. Rb8+ Ka1 68. Kg1 Rd7 69. Kg2 Rd2 70. Rb4 Rb2 71. Rxe4 Kb1 72. Ra4 a1=Q 73. Rxg4 Kc2 74. Rg5 Kd3 75. Rf5 Qa8+ 76. Kh2 Rb1 77. Kh3 Qe4 78. Rf4 Rh1+ 79. Kg4 Qe6+ 80. Kf3 Qd5+ 81. e4 Qh5+ 82. Rg4 Re1 83. e5 Rf1 84. e6 Qd5+ 85. Kf4 Rxf2#) 66. Rd1+ Kc2 {[%emt 0:00:11] Weighted Error Value: White=0.08 (flawless) /Black=0.05 (flawless)} 0-1

[Event "XV American Continental 2022"]
[Site "San Salvador"]
[Date "2022.05.06"]
[Round "6.8"]
[White "Kaidanov, Gregory"]
[Black "Chavez, Ricardo Ernesto"]
[Result "1-0"]
[ECO "A05"]
[WhiteElo "2556"]
[BlackElo "2184"]
[Annotator "TA"]
[PlyCount "65"]
[EventDate "2022.05.02"]
[EventCountry "ESA"]
[SourceTitle "playchess.com"]
[Source "ChessBase"]
[SourceQuality "1"]
[TimeControl "40/5400+30:1800+30"]

1. Nf3 Nf6 2. g3 d6 3. d4 Nbd7 4. Bg2 e5 5. c4 c6 6. Nc3 e4 7. Nd2 d5 8. cxd5 cxd5 9. f3 exf3 10. Nxf3 Be7 11. O-O O-O {[%emt 0:00:37] A54: Old Indian Defence with Nf3, but without e4.} 12. Nh4 Nb6 13. Nf5 Bxf5 {[%emt 0:01:11] The position is equal.} 14. Rxf5 {[%emt 0:00:03] [#]} h6 $146 ({Predecessor:} 14... Qd7 15. Qd3 Rfe8 16. Bg5 Ne4 17. Nxe4 dxe4 18. Bxe4 g6 19. Ra5 f5 20. Bxe7 fxe4 {1-0 (81) Ewert,H (2274)-Chennaoui,Y (2123) Reinstorf 2022}) 15. Qd3 Re8 (15... Bb4 $11) 16. Bd2 {[%emt 0:05:04] White is more active.} Nc4 (16... Rc8 $14) 17. Nxd5 $16 Nxd2 18. Qxd2 Nxd5 19. Bxd5 (19. Rxd5 Qb6 $14) 19... Bf6 20. Raf1 Qb6 21. R1f4 Rad8 22. e3 Re7 23. Qf2 Rd6 24. h4 Qc7 25. Kh2 (25. Rxf6 Rxf6 26. Rxf6 gxf6 $15) 25... Qc1 26. Rf3 (26. Rxf6 $6 gxf6 27. Rg4+ Kf8 $11) 26... Rc7 27. Bb3 {[%emt 0:01:07] Prevents Rc2.} Rb6 {[%emt 0:00:27][%cal Ob6b3] [#] ...Rxb3! is the strong threat.} 28. Qg2 Re7 $2 (28... Qe1 $16 29. R5f4 Qc1) 29. Rc5 $18 Qe1 30. Rc8+ Kh7 31. Qc2+ g6 32. h5 $1 {[%emt 0:00:38][%cal Ob3f7] [#] And now Bxf7! would win. The board is on fire.} Bxd4 $2 (32... Rb5 $18 33. d5 (33. Rxf6 $2 {gets mated.} Rxh5+ 34. Kg2 Qh1+ 35. Kf2 Rh2#) (33. hxg6+ fxg6 34. Kg2 Rh5 $16) 33... Rb6) 33. Bxf7 {[%emt 0:01:51] Black got outplayed after the opening.  Weighted Error Value: White=0.13 (very precise) /Black=0.46} ({But not} 33. exd4 $2 Re2+ 34. Qxe2 Qxe2+ 35. Kg1 Qxf3 $19) 1-0

[Event "XV American Continental 2022"]
[Site "San Salvador"]
[Date "2022.05.06"]
[Round "6.9"]
[White "Do Valle Cardoso, Lucas"]
[Black "Proudian, Armen"]
[Result "0-1"]
[ECO "C55"]
[WhiteElo "2242"]
[BlackElo "2418"]
[Annotator "TA"]
[PlyCount "52"]
[EventDate "2022.05.02"]
[EventCountry "ESA"]
[SourceTitle "playchess.com"]
[Source "ChessBase"]
[SourceQuality "1"]
[TimeControl "40/5400+30:1800+30"]

1. e4 e5 2. Nf3 Nc6 3. d4 exd4 4. Bc4 Nf6 5. e5 d5 6. Bb5 Ne4 7. Nxd4 Bd7 8. Bxc6 bxc6 9. O-O Bc5 10. f3 Ng5 11. f4 Ne4 12. Be3 Bb6 13. Nd2 Nxd2 14. Qxd2 c5 15. Nf3 d4 {[%emt 0:00:32] C56: Two Knights: 4 d4 exd4 5 0-0 Nxe4.} 16. Bf2 {[%emt 0:00:05] And now Bh4 would win.} Bc6 17. Bh4 Qd5 (17... Qd7 $11) 18. f5 $14 {[%emt 0:00:42] Hoping for Qg5.} Kd7 19. c4 (19. Qg5 Kc8 $11) 19... Qxc4 (19... Qe4 $2 20. e6+ Kc8 21. Rae1 $18) (19... dxc3 $142 20. Qxc3 Kc8) 20. e6+ $1 $16 Kc8 21. Ne5 $36 {[%emt 0:00:15][%csl LRc4,LRc6,LRf7][%mdl 2048] White is really pushing.} Qd5 22. Nxf7 {[%emt 0:01:27] [#]} (22. Nxc6 $16 {stays on course. Strongly threatening Ne7+.} Qxc6 23. e7 (23. exf7 Rf8 $16)) 22... c4 $1 $17 23. Qg5 {[%emt 0:04:23] [#]} (23. Nxh8 $2 {too greedy.} d3+ 24. Kh1 Be3 $1 $19 ) 23... Rf8 {[%emt 0:24:31] [#]} (23... Re8 $1 $17 24. Rae1 (24. Qxg7 d3+ 25. Bf2 d2 $17) 24... d3+ 25. Bf2 d2) 24. Qxg7 $146 (24. Rae1 $1 $11 {and White is okay.} h6 25. Qg4 (25. Qxg7 Kb7 $17) 25... d3+ 26. Bf2) ({Predecessor:} 24. Bf2 Kb7 25. Rae1 c3 26. bxc3 dxc3 27. Ne5 Rxf5 28. Qxg7 Rxf2 29. Rxf2 Qd2 {0-1 (29) Rios Parra,A (2340)-Panchanathan,M (2486) Badalona 2008}) 24... Kb7 $19 25. Nh6 {[%emt 0:00:11] Against Rg8} d3+ 26. Bf2 $2 {[%emt 0:00:27] [#]} (26. Kh1 Be3 27. Rg1) 26... Rf6 $3 {[%mdl 512] Weighted Error Value: White=0.91/Black=0.24 (precise)} 0-1

[Event "XV American Continental 2022"]
[Site "San Salvador"]
[Date "2022.05.06"]
[Round "6.10"]
[White "Diaz Villagran, Robert"]
[Black "Lorenzana, Wilson Estuardo"]
[Result "1/2-1/2"]
[ECO "B22"]
[WhiteElo "2347"]
[BlackElo "2170"]
[Annotator "TA"]
[PlyCount "52"]
[EventDate "2022.05.02"]
[EventCountry "ESA"]
[SourceTitle "playchess.com"]
[Source "ChessBase"]
[SourceQuality "1"]
[TimeControl "40/5400+30:1800+30"]

1. e4 c5 2. c3 d5 3. exd5 Qxd5 4. d4 Nf6 5. Nf3 e6 6. Be2 Be7 7. O-O O-O 8. Be3 cxd4 9. cxd4 Nc6 10. Nc3 Qd6 11. Rc1 a6 12. Qd2 {[%emt 0:15:37] B22: Sicilian: 2 c3.} Nb4 13. Bf4 Qd8 14. Bg3 {[%emt 0:06:21] [#] The position is equal.} Nbd5 $146 ({Predecessor:} 14... Bd6 15. Bh4 Nbd5 16. Nxd5 exd5 17. Ne5 Ne4 18. Bxd8 Nxd2 19. Rfd1 Rxd8 20. Rxd2 Bf5 21. Bf3 Rac8 22. Rxc8 Rxc8 {½-½ (34) Bivol,A (2011)-Matlin,A (1868) Kemer 2009}) 15. Bd3 b5 16. Ne5 Bb7 {[%emt 0:00:08] Prevents Nc6.} 17. Rfe1 Bb4 18. Bb1 Ne7 19. Bh4 {[%emt 0:03:36] [#] Hoping for Bxf6.} Ng6 20. Bxf6 gxf6 21. Nxg6 hxg6 22. Qh6 $1 {[%emt 0:00:12][%cal Ob1g6] Bxg6! would kill now.} f5 23. Rxe6 {[%emt 0:03:53][%cal Ob1f5] [#] Strongly threatening Bxf5!} Qxd4 24. Re3 (24. Rxg6+ $1 $11 fxg6 25. a3 Bxc3 26. Ba2+ Bd5 27. Qxg6+ Kh8 28. Qh6+ Kg8 29. Qg6+ Kh8 30. Qh6+ Kg8 31. Qg6+) 24... Qg7 25. Qf4 Bc5 {[%emt 0:00:35] A strong pair of Bishops.} 26. Rd3 Rac8 {[%emt 0:03:37] Against Qc7.  Weighted Error Value: White=0.16 (very precise) /Black=0.12 (very precise)} 1/2-1/2

[Event "XV American Continental 2022"]
[Site "San Salvador"]
[Date "2022.05.06"]
[Round "6.11"]
[White "Munoz Sanchez, Miguel"]
[Black "Figueredo Losada, Leonel"]
[Result "0-1"]
[ECO "B50"]
[WhiteElo "2226"]
[BlackElo "2337"]
[Annotator "TA"]
[PlyCount "62"]
[EventDate "2022.05.02"]
[EventCountry "ESA"]
[SourceTitle "playchess.com"]
[Source "ChessBase"]
[SourceQuality "1"]
[TimeControl "40/5400+30:1800+30"]

1. e4 c5 2. Nf3 d6 3. c3 Nf6 4. h3 g6 5. Bd3 Bg7 6. O-O O-O 7. Bc2 Nc6 8. Re1 e5 9. d4 cxd4 10. cxd4 exd4 11. Nxd4 d5 {[%emt 0:15:12] B50: Sicilian: 2...d6, Miscellaneous.} 12. Nxc6 bxc6 13. Nc3 d4 {[%emt 0:02:58] The position is equal.} 14. Na4 Nd7 {[%emt 0:00:03] [#]} 15. Bd3 $146 ({Predecessor:} 15. Bf4 Ne5 16. Nc5 Qe7 17. Nd3 Ba6 18. Bxe5 Bxe5 19. Bb3 Bxd3 20. Qxd3 a5 21. Rac1 {1-0 (83) Glek,I (2434)-Sarana,A (2411) Moscow 2014}) 15... Qh4 16. Bf1 $1 Rb8 17. b3 Re8 18. Qf3 c5 19. Qf4 ({Don't play} 19. Bc4 Ne5 20. Qf4 Qe7 $15) 19... Qe7 20. Qg3 Bb7 21. Bf4 Ne5 (21... Bxe4 $2 22. f3 Be5 23. Rxe4 $18) 22. Rac1 Rbc8 23. Bb5 Red8 24. Bg5 f6 25. Bd2 g5 (25... c4 $11 {remains equal.} 26. Bxc4+ Nxc4 27. Rxc4 Rxc4 28. bxc4 Bf8) 26. Nb2 $1 $16 Kh8 {[%emt 0:03:41] [#]} 27. Nd3 $1 a6 28. Bc4 Nxd3 ({Black should try} 28... Nxc4 29. Rxc4 Bf8) 29. Bxd3 ({But not} 29. Qxd3 $6 Re8 $14) 29... Re8 {[%emt 0:01:03] [#]} 30. h4 $1 Bh6 {[%emt 0:00:56] Threatens to win with ...gxh4.} 31. Qh3 {[%emt 0:08:14][%mdl 8192] [#]} (31. hxg5 $18 {and life is good for White.} Bxg5 32. f4) 31... g4 $1 {[%emt 0:00:30] Weighted Error Value: White=0.34/Black=0.18 (very precise)} 0-1